 Dungeon Crawl Stone Soup version 0.19-a0-1886-gd64a0f0 (console) character file.

579 ChaseSP the Spear-Bearer (level 7, -1/75 HPs)
             Began as a Merfolk Gladiator on Oct 17, 2016.
             Slain by an ogre
             ... wielding a +0 giant spiked club
              (3 damage)
             ... on level 4 of the Dungeon.
             The game lasted 00:09:47 (3932 turns).

ChaseSP the Spear-Bearer (Merfolk Gladiator)        Turns: 3932, Time: 00:09:48

Health: -1/75      AC: 23    Str: 15    XL:     7   Next: 36%
Magic:  7/7        EV:  2    Int:  8    God:
Gold:   205        SH:  0    Dex: 16    Spells: 0 memorised, 6 levels left

rFire  . . .     SeeInvis .     a - +0 trident
rCold  . . .     Gourm    .     (armour currently unavailable)
rNeg   + + +     Faith    .     (no shield)
rPois  +         Spirit   .     (helmet currently unavailable)
rElec  .         Dismiss  .     (cloak currently unavailable)
rCorr  .         Reflect  .     (gloves currently unavailable)
MR     .....     Harm     .     (boots currently unavailable)
Stlth  +......... NoTele   +    (no amulet)
                                (no ring)
                                E - ring of wizardry

@: tree-form
A: (change form in water), (swift swim), (stealthy swim)
a: no special abilities


You were on level 4 of the Dungeon.
You were not hungry.
You were a tree.
You visited 1 branch of the dungeon, and saw 4 of its levels.
You also visited: Sewer.

You collected 205 gold pieces.

Inventory:

Hand Weapons
 a - a +0 trident (weapon)
Missiles
 d - 4 throwing nets (quivered)
Armour
 c - a +0 helmet (melded)
 w - a +0 chain mail (melded)
Jewellery
 E - a ring of wizardry (left branch)
Wands
 B - a wand of paralysis (10/24)
Scrolls
 b - 3 scrolls of teleportation
 e - 2 scrolls of immolation {unknown}
 g - 2 scrolls of fog {unknown}
 i - 3 scrolls of identify
 j - 5 scrolls of remove curse {unknown}
 o - 2 scrolls of enchant weapon {unknown}
 p - 2 scrolls of amnesia
 q - a scroll of magic mapping
 s - a scroll of recharging {unknown}
 v - a scroll of noise {unknown}
 x - a scroll of enchant armour {unknown}
 y - a scroll of blinking {unknown}
Potions
 k - a potion of degeneration {unknown}
 l - a potion of lignification
 m - a potion of curing
 t - 3 potions of flight {unknown}
 u - 2 potions of mutation {unknown}
 z - a potion of heal wounds {unknown}
 A - a potion of brilliance {unknown}
 F - a potion of agility {unknown}
Books
 r - a book of Changes

   Spells                             Type                      Level
   a - Beastly Appendage              Transmutation                1
   b - Sticks to Snakes               Transmutation                2
   c - Spider Form                    Transmutation/Poison         3
   d - Ice Form                       Ice/Transmutation            4
   e - Blade Hands                    Transmutation                5
Comestibles
 f - 4 bread rations
 h - 2 slices of pizza
 n - 5 meat rations
 C - a chunk of flesh
 D - 3 fruits


   Skills:
 - Level 2.1 Fighting
 * Level 11.1 Polearms
 - Level 2.0 Throwing
 + Level 1.5 Armour
 - Level 4.0 Dodging


You had 6 spell levels left.
You didn't know any spells.

Dungeon Overview and Level Annotations

Branches:
Dungeon (4/15)
 Temple: D:4-7

Altars:
Hepliaklqana
Ru
Vehumet
The Shining One


Message History

Your +0 chain mail melds into your body.
Your roots penetrate the ground.
A jackal comes into view.
The jackal barks!
You hit the ogre.
The ogre is severely wounded.
The ogre hits you with a giant spiked club.
* * * LOW HITPOINT WARNING * * *
You hit the ogre.
The ogre is severely wounded.
You barely miss the ogre.
The ogre is severely wounded.
The ogre hits you with a giant spiked club!
* * * LOW HITPOINT WARNING * * *
You hit the ogre but do no damage.
The ogre is severely wounded.
You barely miss the ogre.
The ogre is severely wounded.
The ogre hits you with a giant spiked club.
You die...

#### ...# ##.### .....#
.....##### .........#########
.................#
...........#####.#
...........### #♣#
##.#.........# #O# *****
#.##.....##.# #h# *,,,*
#.##....###.###h#**,*+*
#.##.#.## #..##h#,,,*,**
#.##.#.# ####..#****,,**
##.##.#.###**#....,,,,,,,****
#.........#,....♣..>,,*,,,,,*
#.####..#...##..,...,,,,,**,*


You could see an ogre and 3 jackals.

Vanquished Creatures
  Purgy (Sewer)
  A phantom (D:4)
  A wyvern skeleton (D:4)
  A scorpion (D:4)
  A crimson imp (D:3)
  2 hounds (D:4)
  An iguana (D:4)
  3 worker ants (D:4)
  5 adders
  An adder skeleton (D:4)
  2 worms
  A dart slug (D:3)
  2 leopard geckos
  An orc (D:4)
  9 bats
  6 giant cockroaches
  5 goblins
  4 hobgoblins
  4 kobolds
  A quokka (D:2)
  A ball python (D:3)
  A ball python skeleton (D:4)
  7 frilled lizards
  5 rats
66 creatures vanquished.

Notes
Turn   | Place    | Note
-------+----------+-------------------------------------------
     0 | D:1      | ChaseSP the Merfolk Gladiator began the quest for the Orb.
     0 | D:1      | Reached XP level 1. HP: 16/16 MP: 1/1
   126 | D:1      | Reached skill level 5 in Polearms
   149 | D:1      | Reached XP level 2. HP: 22/22 MP: 2/2
   736 | D:2      | Reached skill level 6 in Polearms
   736 | D:2      | Reached XP level 3. HP: 24/27 MP: 3/3
  1468 | D:3      | Reached skill level 7 in Polearms
  1468 | D:3      | Reached XP level 4. HP: 15/33 MP: 4/4
  1636 | D:3      | Found a faded altar of an unknown god.
  1636 | D:3      | Found a hazy altar of Hepliaklqana.
  1636 | D:3      | Found a faded altar of an unknown god.
  1640 | D:3      | Found a faded altar of an unknown god.
  1641 | D:3      | Found a faded altar of an unknown god.
  1719 | D:3      | Found a radiant altar of Vehumet.
  1967 | D:3      | Found a glowing golden altar of the Shining One.
  2149 | D:4      | Found a glowing drain.
  2156 | Sewer    | Entered a sewer
  2275 | Sewer    | Noticed Purgy
  2347 | Sewer    | Killed Purgy
  2347 | Sewer    | Reached skill level 9 in Polearms
  2347 | Sewer    | Reached XP level 5. HP: 8/38 MP: 5/5
  2992 | D:4      | Reached XP level 6. HP: 36/44 MP: 6/6
  3095 | D:4      | Found a sacrificial altar of Ru.
  3239 | D:4      | Reached skill level 10 in Polearms
  3693 | D:4      | Reached XP level 7. HP: 47/50 MP: 7/7
  3758 | D:4      | Reached skill level 1 in Armour
  3905 | D:4      | Reached skill level 11 in Polearms
  3930 | D:4      | HP: 1/75 [ogre/giant spiked club (14)]
  3932 | D:4      | Slain by an ogre

Vault maps used:
D:1:      grunt_arrival_lava_bath, minmay_liquid_box, grunt_decor_one_mirror,
          minmay_tree_intersection
D:2:      first_bread
D:3:      overflow_temple_1_default, tso_altar,
          chequers_temple_overflow_minitemple
D:4:      kennysheep_spiral_hall, lightli_sewer_entry_pipes,
          grunt_ministairs_15, hangedman_ru_absence
Sewer:    kennysheep_door_sewer

Skill      XL: |  1  2  3  4  5  6  7 |
---------------+----------------------+-----
Polearms       | 5 6 7 9 10 11 | 11.1
Armour         | 1 |  1.5
Fighting       | |  2.1
Throwing       | |  2.0
Dodging        | |  4.0

Action                   |  1- 3 |  4- 6 |  7- 9 || total
-------------------------+-------+-------+-------++-------
Melee: Trident           |   145 |   184 |    69 ||   398
       Tailslap          |       |     9 |       ||     9
  Use: Potion            |     1 |     1 |     2 ||     4
       Scroll            |       |     4 |       ||     4
  Eat: Chunk             |     2 |     7 |     1 ||    10
Armor: Ring mail         |    30 |       |       ||    30
       Scale mail        |    12 |     4 |       ||    16
       Chain mail        |       |    66 |    16 ||    82
Dodge: Dodged            |    52 |    67 |    20 ||   139
